[Event "*** Titled Tuesday Blitz"]
[Site "Chess.com"]
[Date "2020.03.03"]
[Round "1"]
[White "IMDT02"]
[Black "hansen"]
[Result "0-1"]
[WhiteElo "2489"]
[BlackElo "2914"]
[TimeControl "180+1"]
[EndTime "13:05:36 PST"]
[Termination "hansen won by resignation"]

1. d4 Nf6 2. Bf4 g6 3. Nc3 d5 4. e3 Bg7 5. h4 h5 6. Bd3 a6 7. Nf3 Bg4 8. Qd2 Bxf3 9. gxf3 Nbd7 10. O-O-O c5 11. dxc5 Nxc5 12. Be2 e6 13. Kb1 Rc8 14.
Rhg1 Qb6 15. Qd4 Ncd7 16. Qxb6 Nxb6 17. e4 O-O 18. Bg5 Rxc3 19. bxc3 dxe4 20. Bxf6 Bxf6 21. fxe4 Na4 22. Bxh5 Nxc3+ 23. Kc1 Nxd1 24. Bxd1 Bxh4 25. f4 Rd8 26. Rg2 Kg7 27. f5 Kf6 28. fxg6 Bg5+ 29. Kb1 0-1

[Event "*** Titled Tuesday Blitz"]
[Site "Chess.com"]
[Date "2020.03.03"]
[Round "1"]
[White "Tjktiger"]
[Black "adricalderon8"]
[Result "1-0"]
[WhiteElo "2810"]
[BlackElo "2427"]
[TimeControl "180+1"]
[EndTime "13:05:36 PST"]
[Termination "Tjktiger won by checkmate"]

1. c4 e5 2. Nc3 Nf6 3. Nf3 Nc6 4. e4 Bb4 5. d3 O-O 6. a3 Bxc3+ 7.
bxc3 d6 8. g3 h6 9. Bg2 Be6 10.
h3 Qd7 11. Be3 b6 12. g4 Nh7 13. O-O Rae8 14. Nd2 Ng5 15. f4 exf4 16. Bxf4 Ne5 17. Qe2 a6 18. d4 Ng6 19. d5 Bxg4 20. hxg4 Ne5 21. Bxe5 Rxe5 22. Rf5 Rfe8 23. Rxe5 Rxe5 24. Rf1 Qa4 25. Qd3 Qxa3 26. Nf3 Nxf3+ 27. Bxf3 a5 28. Kg2 a4 29. Qc2 Re8 30. Rf2 Ra8 31. e5 dxe5 32. d6 Rc8 33. Bd5 Qxd6 34. Rxf7 Kh8 35. Qf5 a3 36.
Qxc8+ Kh7 37. Rxg7+ Kxg7 38. Qg8+ Kf6 39. Qf7+ Kg5 40.
Qf5+ Kh4 41. Qh5# 1-0

[Event "*** Titled Tuesday Blitz"]
[Site "Chess.com"]
[Date "2020.03.03"]
[Round "1"]
[White "Dhaydon19"]
[Black "PowerThinking2650"]
[Result "1-0"]
[WhiteElo "2750"]
[BlackElo "2397"]
[TimeControl "180+1"]
[EndTime "13:05:41 PST"]
[Termination "Dhaydon19 won on time"]

1. d4 Nf6 2. c4 g6 3. Nf3 Bg7 4. g3 O-O 5. Bg2 d6 6. O-O Nbd7 7. Nc3 e5 8. dxe5 dxe5 9. Qc2 c6 10. Rd1 Qe7 11.
h3 Nc5 12. e4 a5 13. Be3 h6 14. b3 Kh7 15. a3 Be6 16. Nxe5 Nfxe4 17. Nxe4 Nxe4 18.
Qxe4 Bf5 19. Nxg6 Bxe4 20. Nxe7 Bxg2 21. Kxg2 Bxa1 22. Rxa1 Rad8 23. b4 a4 24. b5 cxb5 25.
cxb5 f5 26. Bc5 Rd7 27. Bb4 Rf7 28. Re1 1-0

[Event "*** Titled Tuesday Blitz"]
[Site "Chess.com"]
[Date "2020.03.03"]
[Round "1"]
[White "karinachess1"]
[Black "Parhamov"]
[Result "1-0"]
[WhiteElo "2538"]
[BlackElo "3044"]
[TimeControl "180+1"]
[EndTime "13:05:46 PST"]
[Termination "karinachess1 won by checkmate"]

1. Nf3 Nf6 2. c4 e6 3. d4 d5 4.
Nc3 dxc4 5. Qa4+ c6 6. Qxc4 b5 7. Qd3 Bb7 8. Bg5 Nbd7 9. e3 b4 10. Na4 Qa5 11. b3 c5 12. dxc5 Bxc5 13. Qb5 Qxb5 14.
Bxb5 Bd6 15. Rd1 Ke7 16. Bxd7 Kxd7 17. Nc5+ Kc7 18. Nxb7 Be7 19. Na5 h6 20. Bf4+ Kb6 21. Nc4+ Kb5 22. O-O Nd5 23. Nd4+ Ka6 24. Bd6 Bf6 25.
Be5 Nc3 26. Ra1 Rac8 27. Bxf6 gxf6 28. a3 Rhd8 29. axb4+ Kb7 30. Rfe1 f5 31. Na5+ Kb6 32. Nc4+ Kb7 33. g3 Nd5 34. b5 Nc3 35. Nc6 Rd3 36.
Rxa7# 1-0

[Event "*** Titled Tuesday Blitz"]
[Site "Chess.com"]
[Date "2020.03.03"]
[Round "1"]
[White "Man-Chuk"]
[Black "jmduque"]
[Result "1-0"]
[WhiteElo "2787"]
[BlackElo "2420"]
[TimeControl "180+1"]
[EndTime "13:05:48 PST"]
[Termination "Man-Chuk won by checkmate"]

1. d4 Nf6 2. c4 e6 3. Nf3 b6 4. g3 Bb7 5. b3 g6 6. Bb2 Bg7 7. Bg2 O-O 8. O-O d6 9. Nbd2 Nbd7 10.
Qc2 d5 11. cxd5 exd5 12. Ne5 c5 13. Nxd7 Nxd7 14. dxc5 Bxb2 15. Qxb2 bxc5 16. Rfd1 Qe7 17. Nf1 Nf6 18. Rac1 a5 19. Rd3 a4 20. Re3 Qd6 21.
Rf3 Ne4 22. Rd3 f5 23. Ne3 axb3 24. Rxb3 Bc6 25. Rb6 Rfb8 26. Bxe4 fxe4 27. Ng4 Rxb6 28. Nh6+ Kf8 29. Qxb6 Kg7 30. Rxc5 Rc8 31. Ng4 d4 32. Ne5 d3 33. exd3 exd3 34. Qb2 Kg8 35. Qb3+ Kg7 36.
Qf7+ Kh6 37. Ng4# 1-0

[Event "*** Titled Tuesday Blitz"]
[Site "Chess.com"]
[Date "2020.03.03"]
[Round "1"]
[White "diskeleven"]
[Black "IgorBjelobrk"]
[Result "0-1"]
[WhiteElo "2373"]
[BlackElo "2718"]
[TimeControl "180+1"]
[EndTime "13:05:48 PST"]
[Termination "IgorBjelobrk won by resignation"]

1. d4 Nf6 2. c4 e6 3. Nc3 Bb4 4. Nf3 d5 5. Bg5 h6 6. Bxf6 Qxf6 7. e3 O-O 8. Rc1 Nc6 9. cxd5 exd5 10. Be2 Rd8 11. Qb3 Bf8 12. O-O Ne7 13. Nb5 c6 14. Nc7 Rb8 15. Na6 Ra8 16. Nc5 b6 17. Nd3 Ba6 18. Rfe1 Bc4 19. Qa4 a5 20. a3 b5 21. Qd1 a4 22. Nc5 Nf5 23. Bxc4 dxc4 24.
Qc2 Bxc5 25. dxc5 Rd3 26. e4 Nd4 27. Nxd4 Qxd4 28. e5 Re8 29. Rcd1 Rxe5 30. Qc1 Re2 31. Rf1 Rxb2 32. Rxd3 cxd3 33. Qd1 0-1

[Event "*** Titled Tuesday Blitz"]
[Site "Chess.com"]
[Date "2020.03.03"]
[Round "1"]
[White "GianmarcoVaR"]
[Black "MisiekZielony"]
[Result "1-0"]
[WhiteElo "2566"]
[BlackElo "2082"]
[TimeControl "180+1"]
[EndTime "13:05:50 PST"]
[Termination "GianmarcoVaR won by resignation"]

1. d4 Nf6 2. c4 c6 3. Nf3 d5 4. e3 g6 5. Nc3 Bg7 6. Bd3 O-O 7. O-O Bg4 8. h3 Bxf3 9. Qxf3 e6 10. Rd1 Nbd7 11.
b3 Re8 12. Bb2 a6 13. Rac1 h5 14. g3 Qe7 15. Bf1 Rac8 16. Bg2 e5 17. cxd5 e4 18. Qf4 cxd5 19. Na4 Kh7 20. g4 hxg4 21. hxg4 Bf8 22. Nc5 Nb8 23. Nxb7 Qxb7 24. Qxf6 Bg7 25. Qh4+ Kg8 26. Ba3 Qd7 27. g5 Qb7 28. Bh3 Rxc1 29.
Rxc1 Nc6 30. Kg2 Bf8 31. Bxf8 Kxf8 32. Qh8+ 1-0

[Event "*** Titled Tuesday Blitz"]
[Site "Chess.com"]
[Date "2020.03.03"]
[Round "1"]
[White "Alopekos"]
[Black "LittlePeasant"]
[Result "0-1"]
[WhiteElo "2426"]
[BlackElo "2808"]
[TimeControl "180+1"]
[EndTime "13:05:53 PST"]
[Termination "LittlePeasant won on time"]

1. e4 c5 2. Nc3 a6 3. Nge2 b5 4. d4 cxd4 5. Nxd4 Bb7 6. Bd3 e5 7. Nf5 g6 8. Ne3 Bc5 9. Ned5 d6 10. O-O Nd7 11. Qf3 b4 12. Ne2 Bxd5 13. exd5 f5 14. Bxf5 gxf5 15. Qh5+ Kf8 16. Qxf5+ Ngf6 17. Bh6+ Kf7 18. Kh1 Qe8 19. f4 e4 20. Ng3 Rg8 21.
Rae1 e3 22. Rf3 Rg6 23. Bg5 h6 0-1

[Event "*** Titled Tuesday Blitz"]
[Site "Chess.com"]
[Date "2020.03.03"]
[Round "1"]
[White "HashtagChess"]
[Black "Hubbery"]
[Result "0-1"]
[WhiteElo "1596"]
[BlackElo "2535"]
[TimeControl "180+1"]
[EndTime "13:05:53 PST"]
[Termination "Hubbery won on time"]

1. e4 e5 2. Nf3 Nc6 3. Bc4 Bc5 4. c3 Nf6 5. d4 exd4 6. cxd4 Bb4+ 7. Bd2 Bxd2+ 8.
Nbxd2 d5 9. exd5 Nxd5 10. Qb3 Nce7 11. O-O O-O 12. Rfe1 c6 13. Rad1 Qc7 14. Bd3 h6 15. Ne5 Be6 16. Ne4 Ne3 17. Qc3 Nxd1 18. Rxd1 Rad8 19. Bb1 Bf5 20. Qf3 Kh8 21. g4 Bg6 22. h4 Nd5 23. h5 Bh7 24. g5 f6 25.
gxf6 Nxf6 26. Nxf6 Rxf6 27. Qb3 Bxb1 28. Rxb1 Rxd4 0-1

[Event "*** Titled Tuesday Blitz"]
[Site "Chess.com"]
[Date "2020.03.03"]
[Round "1"]
[White "bascheyaro"]
[Black "Sunnika"]
[Result "1-0"]
[WhiteElo "2737"]
[BlackElo "2383"]
[TimeControl "180+1"]
[EndTime "13:05:54 PST"]
[Termination "bascheyaro won by resignation"]

1. d4 Nf6 2. c3 e6 3. Bg5 b6 4.
Nd2 Bb7 5. Ngf3 h6 6. Bh4 Be7 7.
e3 c5 8. Bd3 O-O 9. O-O d6 10.
a4 a6 11. Qe2 Nbd7 12. Rfd1 Re8 13. h3 Qc7 14. e4 cxd4 15. cxd4 e5 16. Rac1 Qb8 17. Bg3 Nh5 18. Bh2 Nf4 19. Bxf4 exf4 20. b4 a5 21. Bb5 Rd8 22. bxa5 Rxa5 23. Nc4 Ra7 24. Bxd7 Rxd7 25. Nxb6 Rc7 26. Rb1 Ba6 27. Qd2 Rab7 28. a5 g5 29. e5 dxe5 30. Nxe5 Bf6 31. Ned7 Qd8 32. Nc5 Ra7 33. Nxa6 Rxa6 34. Rb5 Rca7 35.
d5 Kg7 36. d6 Rb7 37. Rd5 Rbxb6 38. axb6 Rxb6 39. d7 Rb2 40. Qd3 Qb6 41. Qf3 Qd8 42. h4 Rb6 43. h5 Rb5 44. Rxb5 Qa5 45. Rxa5 1-0

[Event "*** Titled Tuesday Blitz"]
[Site "Chess.com"]
[Date "2020.03.03"]
[Round "1"]
[White "dopolian"]
[Black "NTBT_DHS"]
[Result "0-1"]
[WhiteElo "2370"]
[BlackElo "2712"]
[TimeControl "180+1"]
[EndTime "13:05:55 PST"]
[Termination "NTBT_DHS won by resignation"]

1. e4 c5 2. Nf3 d6 3. d4 cxd4 4. Nxd4 Nf6 5. Nc3 g6 6. Be3 Bg7 7. f3 O-O 8. Qd2 Nc6 9. g4 d5 10. g5 Nh5 11. exd5 Nxd4 12. Bxd4 e5 13. Be3 Bf5 14.
Bd3 Bxd3 15. Qxd3 Nf4 16. Bxf4 exf4 17. O-O-O Qxg5 18. Ne4 Qe5 19. c3 Rfd8 20. Rhe1 Rac8 21.
Kb1 Qh5 22. d6 Qf5 23. Qd5 Rc6 24. Rd3 Be5 25. Red1 h5 26. d7 Rc7 27. Nc5 b6 28.
Nb7 Rdxd7 0-1

[Event "*** Titled Tuesday Blitz"]
[Site "Chess.com"]
[Date "2020.03.03"]
[Round "1"]
[White "CastleOasisChess"]
[Black "Ar4uha"]
[Result "0-1"]
[WhiteElo "2126"]
[BlackElo "2579"]
[TimeControl "180+1"]
[EndTime "13:05:58 PST"]
[Termination "Ar4uha won by resignation"]

1. d4 Nf6 2. e3 e6 3. Bd3 b6 4. f4 Bb7 5. Nf3 Be7 6. Nbd2 c5 7. c3 O-O 8. O-O Nc6 9. Qe2 cxd4 10.
exd4 Nd5 11. Ne5 f5 12. Ndf3 Qe8 13. Nxc6 Bxc6 14. Ne5 Bb7 15. Bd2 Rf6 16. Rf3 Rh6 17. Rh3 Rxh3 18. gxh3 d6 19. Nf3 Bf6 20. Kf2 Qh5 21.
Qf1 Nxf4 22. Bxf4 Qxf3+ 23. Ke1 Qh5 24. Kd2 e5 25. dxe5 dxe5 26. Bg3 Rd8 27. Kc2 Rxd3 28. Qxd3 Be4 29. Qxe4 fxe4 30. Re1 Qf3 31. Kb3 e3 32. a4 e2 33. Kc2 Qe3 34. Kb3 Qd3 35. h4 e4 36. h5 h6 37. Bf2 Bg5 38. Bg3 Bd2 39. Bf2 e3 40. Bg3 Bxe1 41. Bxe1 Qd1+ 42. Kc4 Qxe1 43. Kb5 Qd2 44. h4 Qxb2+ 45. Ka6 e1=Q 46. a5 bxa5 47. Kxa7 Qexc3 48. Ka8 e2 49. Ka7 e1=Q 50.
Ka6 Kf7 0-1

[Event "*** Titled Tuesday Blitz"]
[Site "Chess.com"]
[Date "2020.03.03"]
[Round "1"]
[White "ShahMatKanal"]
[Black "AntonSmirnov"]
[Result "0-1"]
[WhiteElo "2492"]
[BlackElo "2923"]
[TimeControl "180+1"]
[EndTime "13:06:00 PST"]
[Termination "AntonSmirnov won by checkmate"]

1. d4 d5 2. c4 c6 3. Nf3 Nf6 4. e3 Bg4 5. Nc3 e6 6. h3 Bh5 7. Be2 Nbd7 8. O-O Bd6 9. Bd2 O-O 10. Rc1 Ne4 11. Nxe4 dxe4 12. Ne1 Bxe2 13. Qxe2 f5 14. f3 Nf6 15. f4 h6 16. Nc2 g5 17.
Bb4 g4 18. Bxd6 Qxd6 19. h4 Nh5 20. Kh2 g3+ 21. Kh3 Nf6 22. d5 c5 23. b4 b6 24.
bxc5 bxc5 25. Kxg3 Kh7 26. Kh3 Rg8 27. g3 Rg7 28.
Rg1 Rag8 29. Rg2 Rg4 30. Na3 Nh5 31. Rcg1 Qd8 32. Kh2 Qxh4+ 33. gxh4 Rxh4# 0-1

[Event "*** Titled Tuesday Blitz"]
[Site "Chess.com"]
[Date "2020.03.03"]
[Round "1"]
[White "TigrVShlyape"]
[Black "JulianProleiko"]
[Result "1-0"]
[WhiteElo "2895"]
[BlackElo "2480"]
[TimeControl "180+1"]
[EndTime "13:06:00 PST"]
[Termination "TigrVShlyape won by resignation"]

1. d4 Nf6 2. Nf3 c6 3. Bf4 d6 4. e3 g6 5. h3 Bg7 6. Be2 O-O 7. O-O Nbd7 8. Bh2 Re8 9. Nbd2 e5 10. dxe5 Nxe5 11. Nxe5 dxe5 12. Nc4 e4 13. Nd6 Re7 14. c4 Be6 15. Qc2 Rd7 16. Rfd1 Qa5 17. c5 Rad8 18. a3 b5 19. Be5 Ne8 20. Bxg7 Kxg7 21. b4 Qa6 22.
Qc3+ Kg8 23. Nxe4 Rxd1+ 24. Rxd1 Rxd1+ 25. Bxd1 Bd5 26. Nd6 Nxd6 27. cxd6 Qc8 28. Bg4 Qd8 29. Qc5 f5 30. Bf3 a6 31. Bxd5+ 1-0

[Event "*** Titled Tuesday Blitz"]
[Site "Chess.com"]
[Date "2020.03.03"]
[Round "1"]
[White "SloLev"]
[Black "Konavets"]
[Result "0-1"]
[WhiteElo "2519"]
[BlackElo "3024"]
[TimeControl "180+1"]
[EndTime "13:06:01 PST"]
[Termination "Konavets won by resignation"]

1. e4 c5 2. c3 Nf6 3. e5 Nd5 4. g3 d6 5. exd6 Nc6 6. Bg2 Qxd6 7. Nf3 Bg4 8. O-O e6 9. Na3 Be7 10. d4 cxd4 11. Nb5 Qd7 12. Nbxd4 O-O 13. Nxc6 Qxc6 14. Nd4 Bxd1 15. Nxc6 bxc6 16. Rxd1 Rab8 17. c4 Nb4 18.
Bf4 Rbd8 19. Be4 f5 20. a3 fxe4 21. axb4 Rxd1+ 22. Rxd1 Bxb4 23. Rd7 Rf7 24. Rd8+ Rf8 25. Rd7 Bc5 26. b4 Bxb4 27. Be5 Rf7 28. Rd8+ Bf8 29.
Bd6 g5 30. Re8 Kg7 31. Bxf8+ Rxf8 32. Rxe6 Ra8 33. Rxc6 a5 34. Rb6 a4 35. Rb2 a3 36.
Ra2 Kf6 37. Kf1 Ke5 38. Ke2 Kd4 39. c5 Kxc5 40. Ke3 Kb4 41. Kxe4 Kb3 42. Ra1 Kb2 43. Rf1 a2 44. Kf5 Ra5+ 45. Kg4 a1=Q 46. Rxa1 Rxa1 47. Kxg5 Kc3 48. f4 Kd4 49. g4 Ke4 50. h4 Ra6 51. f5 h6+ 52. Kh5 Kf4 53. g5 hxg5 54.
hxg5 Kxf5 0-1

[Event "*** Titled Tuesday Blitz"]
[Site "Chess.com"]
[Date "2020.03.03"]
[Round "1"]
[White "vladimirdamjanovic"]
[Black "Ceejay271"]
[Result "1-0"]
[WhiteElo "2648"]
[BlackElo "2292"]
[TimeControl "180+1"]
[EndTime "13:06:01 PST"]
[Termination "vladimirdamjanovic won by resignation"]

1. e4 c5 2. Nf3 Nc6 3. d4 cxd4 4. Nxd4 g6 5. Nc3 Bg7 6. Be3 Nf6 7. Bc4 O-O 8. Bb3 Re8 9. f3 e6 10. Qd2 d5 11.
exd5 Nxd5 12. Nxd5 exd5 13. O-O-O Rxe3 14. Qxe3 Nxd4 15. Rxd4 Bxd4 16. Qxd4 Be6 17. h4 a5 18. a3 b5 19. Rd1 Ra6 20. Qc5 Qd7 21. h5 gxh5 22. Rd3 Rc6 23. Qe3 a4 24. Qg5+ Kf8 25. Bxd5 Bxd5 26. Rxd5 Rd6 27. Rxd6 Qxd6 28. Qxb5 Qf4+ 29. Kb1 h4 30. Qb4+ Qxb4 31. axb4 Ke7 32. b5 Kd6 33. c4 Kc5 34. Ka2 1-0

[Event "*** Titled Tuesday Blitz"]
[Site "Chess.com"]
[Date "2020.03.03"]
[Round "1"]
[White "Everyfishknows"]
[Black "JSPrepz"]
[Result "1/2-1/2"]
[WhiteElo "2413"]
[BlackElo "2748"]
[TimeControl "180+1"]
[EndTime "13:06:03 PST"]
[Termination "Game drawn by repetition"]

1. d4 Nf6 2. c4 c5 3. Nf3 cxd4 4.
Nxd4 e5 5. Nb5 d5 6. cxd5 Bb4+ 7. N5c3 Nxd5 8. e4 Nxc3 9. Qxd8+ Kxd8 10. Nxc3 Nc6 11.
Be3 Bxc3+ 12. bxc3 Kc7 13. O-O-O Be6 14. Kb2 Na5 15.
Be2 Bc4 16. Rhe1 Bxe2 17. Rxe2 Rhd8 18. Rxd8 Rxd8 19. Kc2 Nc4 20. Bc1 Kc6 21. a4 a6 22.
Kb3 b5 23. axb5+ axb5 24. Ra2 Rd1 25. Kc2 Rf1 26. Kb1 g6 27. g3 f5 28. exf5 gxf5 29.
Re2 e4 30. Kc2 Rh1 31. h4 Rf1 32. Bf4 Kd5 33. Be3 h5 34. Bd4 Ra1 35. Be3 Ra2+ 36.
Kd1 Ra3 37. Rc2 Ra1+ 38. Ke2 Rh1 39. Rc1 Rxc1 40. Bxc1 Ne5 41. Bf4 Nd3 42. Be3 Kc4 43.
Kd2 Ne5 44. Bf4 Nf3+ 45. Kc2 Ne1+ 46. Kd2 Nd3 47. Be3 Kb3 48. Bd4 Kc4 49. Be3 1/2-1/2

[Event "*** Titled Tuesday Blitz"]
[Site "Chess.com"]
[Date "2020.03.03"]
[Round "1"]
[White "xamax2000"]
[Black "Maili15"]
[Result "1-0"]
[WhiteElo "2692"]
[BlackElo "2331"]
[TimeControl "180+1"]
[EndTime "13:06:05 PST"]
[Termination "xamax2000 won by resignation"]

1. c4 e6 2. Nc3 d5 3. d4 Nf6 4. cxd5 exd5 5. Bg5 Be7 6. e3 c6 7. Bd3 O-O 8. Qc2 Nbd7 9. Nf3 Re8 10. h3 Nf8 11.
Bf4 Be6 12. O-O Rc8 13. Bh2 a6 14. Rad1 c5 15. dxc5 Bxc5 16. Qb3 Qe7 17. Ne2 Ne4 18. Nfd4 Ng6 19. Nxe6 fxe6 20. Bxe4 dxe4 21. Bg3 b5 22.
Rd2 Red8 23. Rfd1 Rxd2 24. Rxd2 h5 25. Rc2 h4 26. Bh2 Rf8 27. Nf4 Nxf4 28. Bxf4 Kh8 29. Qc3 Bd6 30. Bxd6 Qxd6 31. Rd2 Qe7 32. Qe5 Qf6 33.
Qxe4 e5 34. f3 Qg5 35. Rd3 Qg3 36. Qg4 Qe1+ 37. Kh2 e4 38. Rd7 Qg3+ 39. Qxg3 hxg3+ 40. Kxg3 exf3 41. gxf3 Rf6 42. e4 Kg8 43. f4 Kh7 44. e5 Re6 45. Rd6 1-0

[Event "*** Titled Tuesday Blitz"]
[Site "Chess.com"]
[Date "2020.03.03"]
[Round "1"]
[White "chesstatour"]
[Black "Sergey85Rodchenkov"]
[Result "0-1"]
[WhiteElo "2051"]
[BlackElo "2561"]
[TimeControl "180+1"]
[EndTime "13:06:05 PST"]
[Termination "Sergey85Rodchenkov won on time"]

1. c4 e5 2. Nc3 Nf6 3. Nf3 Nc6 4. d4 exd4 5. Nxd4 Bb4 6. g3 O-O 7.
Bg2 Bxc3+ 8. bxc3 Ne5 9. c5 Re8 10. O-O Qe7 11. Nb3 Rb8 12. a4 b6 13. cxb6 axb6 14. Ba3 d6 15. Nd4 Bd7 16. Nb5 Bc6 17. f4 Bxg2 18. fxe5 Ng4 19. Rf4 Ne3 20. Qd4 Qxe5 21.
Qxe5 dxe5 22. Rf2 Bc6 23. Nxc7 Rec8 24. Nb5 Bxb5 25. axb5 Rxc3 26. Bd6 Rbc8 0-1

[Event "*** Titled Tuesday Blitz"]
[Site "Chess.com"]
[Date "2020.03.03"]
[Round "1"]
[White "SoltaniciR"]
[Black "Micki-taryan"]
[Result "0-1"]
[WhiteElo "2514"]
[BlackElo "3000"]
[TimeControl "180+1"]
[EndTime "13:06:07 PST"]
[Termination "Micki-taryan won by checkmate"]

1. e4 e5 2. Nf3 Nc6 3. Bb5 Nf6 4. O-O d6 5. d4 Bd7 6. Nc3 exd4 7. Nxd4 Be7 8. Bxc6 bxc6 9. Qf3 c5 10. Nf5 Bxf5 11.
Qxf5 O-O 12. Bg5 Nd7 13. Bxe7 Qxe7 14. Nd5 Qd8 15. Rad1 Re8 16. Rfe1 Nb6 17. Nc3 g6 18. Qf4 Qe7 19. f3 Rad8 20. b3 c6 21. Qg3 Qf8 22.
f4 d5 23. e5 f5 24. Qf2 d4 25. Nb1 Nd5 26. Nd2 Ne3 27. Rc1 Qh6 28. Nf1 Nd5 29. g3 Nc3 30. Nd2 Qg7 31. Qf3 Qd7 32. Nc4 Qd5 33.
Kg2 Re7 34. Na5 Re6 35. Nb7 Rc8 36. Nd6 Rd8 37. a4 h5 38. h3 Rd7 39. g4 hxg4 40.
hxg4 fxg4 41. Qxd5 Nxd5 42. Kg3 Ne3 43. Re2 Rh7 44. Ne4 Rh3+ 45. Kf2 Rf3+ 46. Kg1 Rxf4 47. Nxc5 Re7 48. c3 Rf3 49. cxd4 Rh7 50. Ne4 Kg7 51. Rxc6 Rf1# 0-1

[Event "*** Titled Tuesday Blitz"]
[Site "Chess.com"]
[Date "2020.03.03"]
[Round "1"]
[White "RoelandPruijssers"]
[Black "TheBigBadChessDad"]
[Result "1-0"]
[WhiteElo "2682"]
[BlackElo "2320"]
[TimeControl "180+1"]
[EndTime "13:06:07 PST"]
[Termination "RoelandPruijssers won on time"]

1. e4 e5 2. Nf3 Nf6 3. d3 Nc6 4. Be2 d5 5. Nbd2 Bc5 6. O-O O-O 7. c3 a5 8. Qc2 Ba7 9. b3 Re8 10. Bb2 Bg4 11. h3 Bh5 12. a3 Qd7 13. b4 Rad8 14. b5 Nb8 15. a4 h6 16. c4 dxe4 17. dxe4 Bd4 18. Bxd4 exd4 19. Bd3 c5 20. e5 Bxf3 21.
exf6 Be2 22. Rfe1 Bxd3 23. Qxd3 g6 24. Qg3 Qf5 25. Qc7 Qd7 26. Qxc5 d3 27. Re7 Rxe7 28. fxe7 Re8 29. Re1 1-0

[Event "*** Titled Tuesday Blitz"]
[Site "Chess.com"]
[Date "2020.03.03"]
[Round "1"]
[White "LogoCzar"]
[Black "Alexander_Moskalenko"]
[Result "0-1"]
[WhiteElo "2469"]
[BlackElo "2845"]
[TimeControl "180+1"]
[EndTime "13:06:09 PST"]
[Termination "Alexander_Moskalenko won by resignation"]

1. e4 c5 2. Nf3 d6 3. d4 cxd4 4. Nxd4 Nf6 5. Nc3 Nc6 6. Bc4 e6 7. Be3 a6 8. Bb3 Be7 9. Qe2 Qc7 10. O-O-O Na5 11. g4 Nxb3+ 12. axb3 b5 13. g5 Nd7 14. Nf5 exf5 15. Nd5 Qd8 16. exf5 Bb7 17. f6 Bxd5 18. fxg7 Rg8 19. Rxd5 Rxg7 20. Re1 Rg6 21. f4 Re6 22. f5 Re5 23. Qf3 Bxg5 24. Rxd6 Rc8 25. Kb1 Bxe3 26. Red1 Rc7 27. Qh5 Qg5 28. Qxh7 Qxf5 29. Qh8+ Ke7 30. Qa8 Qxc2+ 31. Ka2 Bc1 32.
Rxd7+ Rxd7 33. Rxd7+ Kxd7 34. Qb7+ Qc7 0-1

[Event "*** Titled Tuesday Blitz"]
[Site "Chess.com"]
[Date "2020.03.03"]
[Round "1"]
[White "Volodar_Murzin"]
[Black "djano"]
[Result "1-0"]
[WhiteElo "2699"]
[BlackElo "2347"]
[TimeControl "180+1"]
[EndTime "13:06:09 PST"]
[Termination "Volodar_Murzin won by resignation"]

1. Nf3 Nf6 2. g3 d5 3. Bg2 e6 4. O-O Be7 5. d3 O-O 6. Nbd2 d4 7. c3 c5 8. cxd4 cxd4 9. Nb3 Nc6 10. Bd2 e5 11. Rc1 Bf5 12. Nh4 Be6 13. Nf3 Rc8 14.
Nc5 Bxc5 15. Rxc5 Qb6 16. b4 Nxb4 17. Rxe5 Nxa2 18. Qa4 Nc3 19. Qxd4 Rfd8 20. Qxb6 axb6 21. Bxc3 Rxc3 22. Rb5 Rc2 23. Re1 Nd5 24. Nd4 Rc5 25. Nxe6 fxe6 26. Rb2 b5 27. d4 Rc4 28. Rxb5 Rxd4 29.
Rxb7 Nc3 30. Bf3 e5 31. Rc7 Nb5 32. Rc5 Rd1 33. Rxd1 Rxd1+ 34. Kg2 Nd4 35. Rxe5 Kf7 36. Rd5 Rd2 37. e3 Nxf3 38. Rf5+ Ke6 39. Rxf3 g6 40.
h4 h5 41. Rf4 Ke5 42. Kf3 Rb2 43. Ra4 Rb6 44. Ra5+ Kf6 45. Kf4 Rb4+ 46. e4 Rc4 47. f3 Rc3 48. Ra6+ Kg7 49. e5 Rc4+ 50. Kg5 Rc3 51. Rxg6+ 1-0

[Event "*** Titled Tuesday Blitz"]
[Site "Chess.com"]
[Date "2020.03.03"]
[Round "1"]
[White "ChessMavenYeti"]
[Black "volcanoexplorer"]
[Result "1-0"]
[WhiteElo "2228"]
[BlackElo "2594"]
[TimeControl "180+1"]
[EndTime "13:06:11 PST"]
[Termination "ChessMavenYeti won by checkmate"]

1. d4 Nf6 2. Bf4 g6 3. Nc3 d5 4. e3 Bg7 5. h4 h5 6. Nf3 O-O 7. Ne5 c5 8. Qd2 cxd4 9. exd4 Bf5 10. O-O-O Nc6 11. Be2 Rc8 12. f3 Nb4 13. Nd3 Bxd3 14. Bxd3 Qa5 15. a3 Rxc3 16. Kb1 Rxd3 17. cxd3 Nc6 18. Qe3 Nd7 19. Bh6 Bxd4 20. Qg5 Qb6 21. Rd2 Nde5 22. Bxf8 Be3 23. f4 Bxd2 24. Qh6 Qxb2+ 25.
Kxb2 Nxd3+ 26. Kc2 Nd4+ 27. Kxd3 Nf5 28. Kxd2 Nxh6 29. Bxh6 f6 30. Rb1 Kf7 31. Rxb7 Ke6 32. Rxa7 Kf5 33. Rxe7 d4 34. Bg7 d3 35. Rf7 Kg4 36.
Bxf6 g5 37. Bxg5 Kg3 38. f5 Kg4 39. Rg7 Kg3 40. f6 Kh2 41. f7 Kh1 42. f8=Q Kh2 43. Qf4+ Kh1 44. Qf1+ Kh2 45. Bf4# 1-0

[Event "*** Titled Tuesday Blitz"]
[Site "Chess.com"]
[Date "2020.03.03"]
[Round "1"]
[White "masrahi"]
[Black "Alex_Molchanov"]
[Result "0-1"]
[WhiteElo "2118"]
[BlackElo "2574"]
[TimeControl "180+1"]
[EndTime "13:06:15 PST"]
[Termination "Alex_Molchanov won by resignation"]

1. c4 e6 2. Nc3 d5 3. d4 Be7 4.
cxd5 exd5 5. Bf4 c6 6. e3 Bf5 7. Nge2 Nf6 8. Ng3 Be6 9. Bd3 Nbd7 10. O-O Nb6 11. Rb1 a5 12. a3 O-O 13. Nf5 Bxf5 14. Bxf5 Nc4 15. Qe2 Re8 16. f3 Bf8 17. Rbd1 Bd6 18.
Bg5 h6 19. Bh4 Bf4 20. Bf2 Nxe3 21. Bxe3 Bxe3+ 22. Kh1 Bxd4 23. Qd2 Bxc3 24. Qxc3 Qb6 25. Bb1 Re3 26. Qc2 Rae8 27. g4 Re2 28. Rd2 Qe3 29. Rxe2 Qxe2 30. Qf5 0-1

[Event "*** Titled Tuesday Blitz"]
[Site "Chess.com"]
[Date "2020.03.03"]
[Round "1"]
[White "aridannie"]
[Black "Gordima"]
[Result "0-1"]
[WhiteElo "2420"]
[BlackElo "2790"]
[TimeControl "180+1"]
[EndTime "13:06:18 PST"]
[Termination "Gordima won by resignation"]

1. e4 e5 2. Nf3 Nc6 3. d4 exd4 4.
Nxd4 Bc5 5. Nb3 Bb6 6. Nc3 d6 7. Qe2 Nge7 8. Bf4 O-O 9. O-O-O f6 10. Kb1 a5 11. Na4 Ba7 12. Qd2 Be6 13. f3 Ng6 14. Bg3 Qe7 15. Nc3 Qf7 16. Nd5 a4 17. Nc1 Kh8 18. h4 Nge5 19. h5 h6 20. Bf2 Bxf2 21. Qxf2 a3 22. b3 f5 23. Bd3 Bxd5 24. exd5 Nb4 25. Be2 Nxd5 26. Ka1 Nc3 27. Rdg1 c5 28.
Nd3 Qf6 29. Nf4 Nxe2 30. Qxe2 Nd3+ 0-1

[Event "*** Titled Tuesday Blitz"]
[Site "Chess.com"]
[Date "2020.03.03"]
[Round "1"]
[White "Sashadav97"]
[Black "brutoman"]
[Result "1-0"]
[WhiteElo "2546"]
[BlackElo "1947"]
[TimeControl "180+1"]
[EndTime "13:06:23 PST"]
[Termination "Sashadav97 won on time"]

1. d4 Nf6 2. c4 e6 3. Nc3 Bb4 4. e3 c5 5. a3 Bxc3+ 6. bxc3 b6 7. Bd3 Bb7 8. Ne2 Nc6 9. O-O Na5 10. Ng3 d6 11. e4 e5 12. d5 Bc8 13. f4 exf4 14.
Bxf4 h6 15. e5 dxe5 16. Bxe5 O-O 17. Bxf6 gxf6 18. Rf5 Qe7 19. Qf3 Re8 20. Rxf6 Qe3+ 21. Qxe3 Rxe3 22. Rf3 Rxf3 23. gxf3 Ba6 24. d6 Rd8 25.
Nf5 Bc8 26. Ne7+ 1-0

[Event "*** Titled Tuesday Blitz"]
[Site "Chess.com"]
[Date "2020.03.03"]
[Round "1"]
[White "Hadza_3"]
[Black "Bulldog167"]
[Result "0-1"]
[WhiteElo "2390"]
[BlackElo "2747"]
[TimeControl "180+1"]
[EndTime "13:06:26 PST"]
[Termination "Bulldog167 won by resignation"]

1. e4 e6 2. Nf3 d5 3. e5 b6 4. g3 c5 5. Bg2 Nc6 6. O-O Nge7 7. d3 g6 8. Qe2 Bg7 9. h4 h6 10. Re1 Qc7 11. c4 Bb7 12. Nc3 O-O 13. Nb5 Qd7 14. Nd6 Nxe5 15. Nxb7 Nxf3+ 16. Qxf3 Qxb7 17. h5 g5 18. Rb1 Qd7 19. b3 Rad8 20. Qe2 dxc4 21. dxc4 Qd3 22. Qxd3 Rxd3 23. Bf1 Rd7 24. f4 gxf4 25. Bxf4 Nf5 26. g4 Nd4 27. Bg2 Rfd8 28. Kh1 Nc2 29. g5 Nxe1 30. Rxe1 Rd1 0-1